 Dungeon Crawl Stone Soup version 0.23.0 (webtiles) character file.

Game seed: 10732293383758419422

5 Descartes the Skirmisher (level 1, -2/11 HPs)
             Began as a Vine Stalker Wanderer on Feb 17, 2019.
             Killed from afar by a dart slug (6 damage)
             ... with a slug dart
             ... on level 1 of the Dungeon.
             The game lasted 00:03:30 (573 turns).

Descartes the Skirmisher (Vine Stalker Wanderer)     Turns: 573, Time: 00:03:30

Health: -2/11      AC:  2    Str: 15    XL:     1   Next: 80%
Magic:  0/3        EV: 11    Int: 11    God:
Gold:   45         SH:  0    Dex: 13    Spells: 0/2 levels left

rFire    . . .     SeeInvis .   (no weapon)
rCold    . . .     Gourm    .   (no shield)
rNeg     . . .     Faith    .   d - +0 robe
rPois    .         Spirit   +   (no helmet)
rElec    .         Reflect  .   (no cloak)
rCorr    .         Harm     .   (no gloves)
MR       .....                  (no boots)
Stlth    +.........             (no amulet)
HPRegen  0.03/turn              (no ring)
MPRegen  0.08/turn              (no ring)

@: no status effects
A: fangs 2, magic shield, antimagic bite, no potion heal 3, rot immunity
a: no special abilities


You were on level 1 of the Dungeon.
You were not hungry.

You visited 1 branch of the dungeon, and saw 1 of its levels.

You collected 45 gold pieces.

Inventory:

Missiles
 b - 19 arrows
 h - 20 stones (quivered)
Armour
 d - a +0 robe (worn)
Scrolls
 a - a scroll of remove curse {unknown}
 e - 2 scrolls of identify {unknown}
 g - a scroll of magic mapping {unknown}
Potions
 c - a potion of lignification
Comestibles
 f - a ration
 i - 3 chunks of flesh


   Skills:
 + Level 2.7 Fighting
 * Level 0.2 Dodging
   Level 1.0 Shields
 * Level 0.3 Unarmed Combat
 + Level 1.1 Spellcasting
 * Level 0.3 Conjurations
 * Level 2.1 Fire Magic
   Level 2.0 Air Magic
   Level 1.0 Evocations


You couldn't memorise any spells.
You knew the following spells:

 Your Spells              Type           Power        Failure   Level  Hunger
a - Flame Tongue          Conj/Fire      #....        19%         1    ##.....
b - Magic Dart            Conj           #...         28%         1    ##.....

Your spell library contained the following spells:

 Spells                   Type           Power        Failure   Level  Hunger
 Blink                    Tloc           N/A          43%         2    ###....
 Call Imp                 Summ           #.......     43%         2    ###....
 Slow                     Hex            #.......     43%         2    ###....
 Conjure Flame            Conj/Fire      #.......     50%         3    ####...
 Mephitic Cloud           Conj/Pois/Air  #.......     56%         3    ####...


Dungeon Overview and Level Annotations

Branches:
Dungeon (1/15)

Altars:


Innate Abilities, Weirdness & Mutations

You have extremely sharp teeth.
When hurt, damage is shared between your health and your magic reserves.
Your bite disrupts and absorbs the magic of your enemies.
Potions cannot restore your health.
You are immune to rotting.


Message History

The dart slug bites you. The dart slug bites you.
The dart slug closely misses you. The dart slug barely misses you.
The dart slug closely misses you. The dart slug barely misses you.
The dart slug barely misses you.
The dart slug bites you but does no damage.
The dart slug launches a dart at you. The slug dart misses you.
The dart slug bites you. The dart slug launches a dart at you.
The slug dart misses you. The dart slug completely misses you.
The dart slug barely misses you.
Your magical contamination has completely faded away.
The dart slug launches a dart at you. The slug dart hits you!
Ouch! That really hurt!
You die...

..### ....###
....'.######## ##
....#......... .#
..###.######## l# ### #.#
##### .# # # #.# #...# .#
(.. ###
#.######...####$#.....
..###...........@wb......>
....#.)...##...######.##..
....#)###.##.......
....#.# #.##....###
#####.# #.##...... ..K...#
#.##...#### #.....#
#....... #.....# ####...##
#.....#


You could see a dart slug and a bat.

Vanquished Creatures
  A goblin (D:1)
  4 kobolds (D:1)
  A frilled lizard (D:1)
6 creatures vanquished.

Notes
Turn   | Place    | Note
-------+----------+-------------------------------------------
     0 | D:1      | Descartes the Vine Stalker Wanderer began the quest for the
                  | Orb.
     0 | D:1      | Descartes set off with the following items: a potion of
                  | lignification, a +0 robe, a +0 club, a ration; and the
                  | following spells available to memorise: Flame Tongue, Magic
                  | Dart, Blink, Call Imp, Slow, Conjure Flame, Mephitic Cloud
     0 | D:1      | Reached XP level 1. HP: 11/11 MP: 3/3
     2 | D:1      | Learned a level 1 spell: Flame Tongue
     4 | D:1      | Learned a level 1 spell: Magic Dart
   573 | D:1      | Killed from afar by a dart slug

Action                   || total
-------------------------++-------
Melee: Unarmed           ||    24
       Bite              ||     8
Throw: Stone             ||     2
 Cast: Magic Dart        ||     6
       Flame Tongue      ||     2
Armor: Robe              ||     4
Dodge: Dodged            ||    23
